 Dungeon Crawl Stone Soup version 0.32-a0-699-g1ee5eff69a (webtiles) character file.

Game seed: 5445787812801558197

485 Griffin23 the Slasher (level 6, -1/56 HPs)
             Began as a Minotaur Fighter on Mar 14, 2024.
             Slain by a river rat (6 damage)
             ... in a sewer.
             The game lasted 00:03:54 (3828 turns).

Griffin23 the Slasher (Minotaur Fighter)            Turns: 3828, Time: 00:03:54

Health: -1/56      AC:  8    Str: 21    XL:     6   Next: 88%
Magic:  5/5        EV:  9    Int:  5    God:
Gold:   184        SH:  4    Dex: 11    Spells: 5/5 levels left

rFire   . . .        a - +0 long sword
rCold   . . .        c - +0 buckler
rNeg    . . .        b - +0 scale mail
rPois   .            (helmet restricted)
rElec   .            (no cloak)
rCorr   .            k - +0 pair of gloves
SInv    .            (no boots)
Will    .....        (no amulet) Stlth
                     (no ring)
HPRegen 0.29/turn    (no ring)
MPRegen 0.09/turn

%: no passive effects
@: mighty, very slow
A: horns 2, retaliatory headbutt
a: no special abilities


You were in a sewer.
You visited 1 branch of the dungeon, and saw 4 of its levels.
You also visited: Sewer.

You collected 184 gold pieces.

Inventory:

Hand Weapons
 a - a +0 long sword (weapon)
Armour
 b - a +0 scale mail (worn)
 c - a +0 buckler (worn)
 k - a +0 pair of gloves (worn)
Scrolls
 f - 2 scrolls of poison {unknown}
 g - 2 scrolls of enchant armour {unknown}
 h - 7 scrolls of identify {unknown}
 i - 4 scrolls of noise {unknown}
 j - 4 scrolls of teleportation {unknown}
 l - a scroll of enchant weapon {unknown}
 n - 2 scrolls of amnesia {unknown}
 o - a scroll of torment {unknown}
 p - a scroll of blinking {unknown}
 q - a scroll of revelation {unknown}
 r - a scroll of immolation {unknown}
 u - a scroll of fog {unknown}
 w - a scroll of brand weapon {unknown}
 x - 2 scrolls of vulnerability {unknown}
 y - a scroll of fear {unknown}
Potions
 d - a potion of might
 e - 2 potions of haste {unknown}
 m - 3 potions of curing {unknown}
 s - a potion of magic {unknown}
 t - 3 potions of attraction {unknown}
 v - a potion of mutation {unknown}
 z - 2 potions of heal wounds {unknown}


   Skills:
 + Level 5.0 Fighting
 + Level 6.2 Long Blades
 + Level 5.4 Armour
 + Level 1.3 Dodging
 + Level 0.3 Stealth
 + Level 4.6 Shields


You had 5 spell levels left.
You didn't know any spells.
Your spell library contained the following spells:

 Spells                   Type           Power      Damage    Failure   Level
 Apportation              Tloc           0%         N/A       86%         1
 Necrotise                Necr           0%         1d4       86%         1
 Sting                    Conj/Alch      0%         1d3       86%         1
 Summon Small Mammal      Summ           0%         N/A       86%         1


Dungeon Overview and Level Annotations

Branches:
Dungeon (4/15)              Sewer (1/1)
 Temple: D:4-7

Altars:
Dithmenos


Innate Abilities, Weirdness & Mutations

You have a pair of horns on your head.
You reflexively headbutt those who attack you in melee.


Message History

You see here a rat corpse.
You hit the rat.
The rat is heavily wounded.
The rat barely misses you. You furiously retaliate!
You headbutt the rat.
You kill the rat!
The adder bites you but does no damage. You block the rat's attack.
You hit the rat but do no damage. The adder bites you but does no damage.
The rat barely misses you. You furiously retaliate!
You headbutt the rat!
You kill the rat!
The rat bites you but does no damage. The adder barely misses you.
You barely miss the river rat. The adder bites you but does no damage.
The river rat barely misses you. The rat bites you but does no damage.
You hit the adder.
The adder is almost dead.
The adder completely misses you.
The river rat bites you but does no damage.
You block the rat's attack. The adder closely misses you.
You furiously retaliate!
You headbutt the adder!
You kill the adder!
You closely miss the river rat.
The river rat bites you but does no damage.
The rat bites you but does no damage.
Your unstable footing causes you to fumble your attack.
The rat bites you. The river rat bites you.
* * * LOW HITPOINT WARNING * * *
You barely miss the river rat. The river rat bites you!
* * * LOW HITPOINT WARNING * * *
The rat closely misses you.
You barely miss the river rat. The river rat bites you.
* * * LOW HITPOINT WARNING * * *
The rat splashes around in the water. x2
The river rat bites you but does no damage.
Your unstable footing causes you to fumble your attack.
The rat splashes around in the water.
You block the river rat's attack.
You feel very mighty all of a sudden.
The river rat bites you but does no damage.
The rat barely misses you.
Your unstable footing causes you to fumble your attack.
The rat splashes around in the water.
The river rat bites you.
You die...

#≈~~~~~#
#~#~†≈≈#
#≈≈~~~~#
#~†≈~≈≈#
#≈≈~~~~#
#~~~≈≈≈#
#≈....##
#~~~≈≈≈#
#≈~..~.#
#.~#≈≈≈#
#≈~~.~≈#
#~~~≈≈≈#
#~~~~≈≈#
#~~~≈≈≈#
#~~~≈≈≈#
#~~≈~≈≈#
#~†~@~≈#
#~≈~~≈≈#
#≈†rr~≈#
#≈~~~~≈#
#~~~~~~#
#≈≈~~~≈#
##.~.~.#
##.~.~.#
......#
#......#
......##
##......
.......#
#......
.......##
##.....
.....####
####..


You could see a river rat and a rat.

Vanquished Creatures
  2 bombardier beetles (D:3)
  A hound (D:4)
  A sleepcap (D:4)
  Natasha (twice) (D:2)
  An iguana (D:4)
  10 adders
  4 river rats
  4 dart slugs
  5 ribbon worms
  12 orcs
  13 endoplasms
  4 giant cockroaches
  6 hobgoblins
  5 jackals
  5 quokkas
  16 ball pythons
  10 bats
  3 frilled lizards
  6 goblins
  12 kobolds
  27 rats
149 creatures vanquished.

Notes
Turn   | Place    | Note
-------+----------+-------------------------------------------
     0 | D:1      | Griffin23 the Minotaur Fighter began the quest for the Orb.
     0 | D:1      | Reached XP level 1. HP: 19/19 MP: 0/0
   192 | D:1      | Reached XP level 2. HP: 22/27 MP: 1/1
   472 | D:1      | Reached XP level 3. HP: 28/33 MP: 2/2
  1054 | D:2      | Noticed Natasha
  1063 | D:2      | Killed Natasha
  1064 | D:2      | Reached skill level 3 in Long Blades
  1064 | D:2      | Reached XP level 4. HP: 21/40 MP: 3/3
  1238 | D:2      | Found a faded altar of an unknown god.
  1581 | D:2      | Noticed Natasha
  1587 | D:2      | Killed Natasha
  1634 | D:2      | Reached skill level 4 in Long Blades
  1969 | D:3      | Reached XP level 5. HP: 47/47 MP: 4/4
  2124 | D:3      | Found a shadowy altar of Dithmenos.
  2400 | D:3      | Identified the +1 dagger of Dishonesty {vamp, Dex+2 SInv}
  2447 | D:3      | Reached skill level 1 in Dodging
  2449 | D:3      | Reached skill level 5 in Armour
  2472 | D:3      | Reached skill level 5 in Long Blades
  2962 | D:4      | Reached XP level 6. HP: 53/53 MP: 5/5
  3562 | D:4      | Reached skill level 6 in Long Blades
  3568 | D:4      | Found a glowing drain.
  3574 | Sewer    | Entered a sewer
  3805 | Sewer    | Reached skill level 5 in Fighting
  3828 | Sewer    | Slain by a river rat

Illustrated notes

Levels and vault maps discovered:
D:1:      shiori_arrival_oz, layout_loops_ring
D:2:      layout_basic, ebering_ecumenical_altar_box, uniq_natasha
D:3:      layout_loops_ring, grunt_dithmenos_smoke_and_mirrors,
          minmay_joined_circles
D:4:      layout_loops_ring, lightli_sewer_entry_pipes, serial_rivers,
          chequers_serial_rivers_large_a, chequers_serial_rivers_small_b,
          chequers_serial_rivers_micro_e, chequers_serial_rivers_room_a
Sewer:    sewer_minmay_w

Skill      XL: |  1  2  3  4  5  6 |
---------------+-------------------+-----
Shields        | 4 |  4.6
Fighting       | 4 5 |  5.0
Armour         | 4 5 |  5.4
Long Blades    | 3 4 5 6 |  6.2
Dodging        | 1 |  1.3
Stealth        | |  0.3

Action                     |  1- 3 |  4- 6 || total
---------------------------+-------+-------++-------
  Melee: Long sword        |    84 |   271 ||   355
         Headbutt          |     7 |    46 ||    53
    Use: Potion            |       |     1 ||     1
 Armour: Scale mail        |    66 |   236 ||   302
  Dodge: Dodged            |    36 |   141 ||   177
  Block: Buckler           |    20 |    70 ||    90

Table legend: (Time is in decaauts)
 A = Elapsed time spent in this place.
 B = Non-inter-level travel time spent in this place.
 C = Inter-level travel time spent in this place.
 D = Time resting spent in this place.
 E = Time spent auto-exploring this place.
 F = Levels seen in this place.
 G = Mean time per level.
                   A        B        C        D        E       F      G
               +--------+--------+--------+--------+--------+-----+--------+
         Total |   3943 |   3772 |    171 |    169 |   2791 |   5 |  788.6 |
       Dungeon |   3657 |   3486 |    171 |    169 |   2610 |   4 |  914.2 |
         Sewer |    286 |    286 |      0 |      0 |    180 |   1 |  286.0 |
               +--------+--------+--------+--------+--------+-----+--------+

Top non-repeatable levels by time:
     D:2: 1103 daAuts
     D:3: 943 daAuts
     D:1: 892 daAuts
     D:4: 718 daAuts
   Sewer: 286 daAuts
